TOP OF THE 1ST |
---|
Quincy Doughboys batting - Pitching for Long Beach KO : RHP Eduardo Méndez | Pitching: RHP Eduardo Méndez | | Batting: SHB Gonzalo López | 0-0: Called Strike 0-1: Ball 1-1: Fly out, F7 (Flyball, 7) | Batting: RHB Ramiro Villescaz | 0-0: Called Strike 0-1: Fly out, F6 (Line Drive, 6) | Batting: RHB Pedro Cuevas | 0-0: Swinging Strike 0-1: Ball 1-1: Called Strike 1-2: SINGLE (Flyball, 89S) | Batting: SHB David Bennett | 0-0: Ball 1-0: Called Strike 1-1: Ball 2-1: Ball 3-1: Base on Balls Pedro Cuevas to second | Batting: RHB Louis Miller | 0-0: Called Strike 0-1: Ground out 1-3 (Groundball, 13) | Top of the 1st over - 0 runs, 1 hit, 0 errors, 2 left on base; Quincy 0 - Long Beach 0 | BOTTOM OF THE 1ST |
---|
Long Beach KO batting - Pitching for Quincy Doughboys : RHP Craig Nolan | Pitching: RHP Craig Nolan | | Batting: RHB Ben Simpson | 0-0: Ball 1-0: Ground out 6-3 (Groundball, 6) | Batting: LHB Wes Britton | 0-0: Ball 1-0: Foul Ball, location: 2F 1-1: SINGLE (Line Drive, 7LS) | Batting: LHB Marvin Jones | 0-0: Ball 1-0: Called Strike 1-1: Ball 2-1: SINGLE (Groundball, 34D) Wes Britton to second Runner from 2nd tries for 3rd, SAFE, no throw | Batting: RHB Ralph Petit | 0-0: Fly out, F5 (Line Drive, 56) | Batting: LHB Adrian Neal | 0-0: Ball 1-0: Ball 2-0: Called Strike 2-1: Foul Ball, location: 2F 2-2: Foul Ball, location: 2F 2-2: 3-RUN HOME RUN (Flyball, 9D), Distance : 380 ft | Batting: RHB Rodrigo Flores | 0-0: Ball 1-0: Ball 2-0: Ground out 6-3 (Groundball, 6) | Bottom of the 1st over - 3 runs, 3 hits, 0 errors, 0 left on base; Quincy 0 - Long Beach 3 | TOP OF THE 2ND |
---|
Quincy Doughboys batting - Pitching for Long Beach KO : RHP Eduardo Méndez | Batting: LHB Rob Johnson | 0-0: Ball 1-0: SINGLE (Groundball, 3D) | Batting: LHB Buddy Jones | 0-0: Foul Ball, location: 2F 0-1: Foul Ball, location: 2F 0-2: Ball 1-2: SINGLE (Groundball, 4MD) Rob Johnson to second Runner from 2nd tries for 3rd, SAFE, no throw | Batting: RHB Lewis Childress | 0-0: Foul Ball, location: 2F 0-1: Ball 1-1: Called Strike 1-2: Foul Ball, location: 2F 1-2: Grounds into double play, 5-4-3 (Groundball, 56) Rob Johnson scores | Batting: RHB Miguel Martínez | 0-0: Swinging Strike 0-1: Ground out 6-3 (Groundball, 6M) | Top of the 2nd over - 1 run, 2 hits, 0 errors, 0 left on base; Quincy 1 - Long Beach 3 | BOTTOM OF THE 2ND |
---|
Long Beach KO batting - Pitching for Quincy Doughboys : RHP Craig Nolan | Batting: RHB Pedro García | 0-0: Ball 1-0: Foul Ball, location: 2F 1-1: Ball 2-1: Foul Ball, location: 2F 2-2: Ball 3-2: SINGLE (Groundball, 56D) | Batting: RHB Kenny Canady | 0-0: Ball 1-0: Ball 2-0: Called Strike 2-1: Fly out, F9 (Flyball, 89D) | Batting: RHB Phil Stephens | 0-0: Called Strike 0-1: Foul Ball, location: 2F 0-2: SINGLE (Line Drive, 7LM) Pedro García to second | Batting: RHB Ben Simpson | 0-0: Ball 1-0: Foul Ball, location: 2F 1-1: Foul Ball, location: 2F 1-2: Fly out, F3 (Popup, 34S) | Batting: LHB Wes Britton | 0-0: SINGLE (Line Drive, 89M) Pedro García to third Phil Stephens to second | Batting: LHB Marvin Jones | 0-0: Ball 1-0: Ball 2-0: Called Strike Balk! Pedro García scores Phil Stephens to third Wes Britton to second 2-1: SINGLE (Groundball, 6) (infield hit) Phil Stephens scores Wes Britton to third | Pitching: RHP Sylvain Leroy | | Batting: RHB Ralph Petit | 0-0: Called Strike 0-1: Called Strike 0-2: SINGLE (Flyball, 9LS) Wes Britton scores Marvin Jones to second Runner from 2nd tries for 3rd, SAFE, no throw | Batting: LHB Adrian Neal | 0-0: Called Strike 0-1: Foul Ball, location: 2F 0-2: Ball 1-2: Fly out, F9 (Line Drive, 9D) | Bottom of the 2nd over - 3 runs, 5 hits, 0 errors, 2 left on base; Quincy 1 - Long Beach 6 | TOP OF THE 3RD |
---|
Quincy Doughboys batting - Pitching for Long Beach KO : RHP Eduardo Méndez | Batting: SHB Gonzalo López | 0-0: Ball 1-0: Ball 2-0: Ball 3-0: Called Strike 3-1: Called Strike 3-2: Strikes out looking | Batting: RHB Ramiro Villescaz | 0-0: Called Strike 0-1: Ball 1-1: Called Strike 1-2: Fly out, F8 (Flyball, 8RD) | Batting: RHB Pedro Cuevas | 0-0: Fly out, F6 (Popup, 6) | Top of the 3rd over - 0 runs, 0 hits, 0 errors, 0 left on base; Quincy 1 - Long Beach 6 | BOTTOM OF THE 3RD |
---|
Long Beach KO batting - Pitching for Quincy Doughboys : RHP Sylvain Leroy | Batting: RHB Rodrigo Flores | 0-0: Ground out 6-3 (Groundball, 6) | Batting: RHB Pedro García | 0-0: Fly out, F7 (Flyball, 7LM) | Batting: RHB Kenny Canady | 0-0: Ball 1-0: SINGLE (Groundball, 6MD) | Batting: RHB Phil Stephens | 0-0: Ball 1-0: Fielders Choice at 2nd, 5-4 (Groundball, 56) | Bottom of the 3rd over - 0 runs, 1 hit, 0 errors, 1 left on base; Quincy 1 - Long Beach 6 | TOP OF THE 4TH |
---|
Quincy Doughboys batting - Pitching for Long Beach KO : RHP Eduardo Méndez | Batting: SHB David Bennett | 0-0: Ball 1-0: Called Strike 1-1: Ball 2-1: Ball 3-1: Foul Ball, location: 2F 3-2: SINGLE (Flyball, 9LS) | Batting: RHB Louis Miller | 0-0: Ball 1-0: Called Strike 1-1: Called Strike 1-2: Ball 2-2: Foul Ball, location: 2F 2-2: Strikes out swinging | Batting: LHB Rob Johnson | 0-0: SINGLE (Line Drive, 4MD) David Bennett to second | Batting: LHB Buddy Jones | 0-0: Grounds out, U3 (Groundball, 3L) David Bennett to third | Batting: RHB Lewis Childress | 0-0: Ball 1-0: Ball 2-0: Foul Ball, location: 2F 2-1: Foul Ball, location: 2F 2-2: Ball 3-2: Foul Ball, location: 2F 3-2: Strikes out swinging | Top of the 4th over - 0 runs, 2 hits, 0 errors, 2 left on base; Quincy 1 - Long Beach 6 | BOTTOM OF THE 4TH |
---|
Long Beach KO batting - Pitching for Quincy Doughboys : RHP Sylvain Leroy | Batting: RHB Ben Simpson | 0-0: Ball 1-0: Ball 2-0: Ball 3-0: Base on Balls | Batting: LHB Wes Britton | 0-0: Called Strike 0-1: Foul Ball, location: 2F 0-2: Hit by Pitch Ben Simpson to second | Batting: LHB Marvin Jones | 0-0: Fly out, F9 (Flyball, 89XD) Runner from 2nd tags up, SAFE at 3rd, no throw | Batting: RHB Ralph Petit | 0-0: Ball 1-0: Called Strike 1-1: Foul Ball, location: 2F 1-2: Ball 2-2: SINGLE (Line Drive, 89S) Ben Simpson scores Wes Britton to second | Batting: LHB Adrian Neal | 0-0: Foul Ball, location: 2F 0-1: Ball 1-1: Ball 2-1: Ball 3-1: Base on Balls Wes Britton to third Ralph Petit to second | Batting: RHB Rodrigo Flores | 0-0: Ground out 5-3 (Groundball, 56S) Wes Britton scores Ralph Petit to third Adrian Neal to second | Batting: RHB Pedro García | 0-0: Foul Ball, location: 2F 0-1: Ball 1-1: DOUBLE (Line Drive, 9LS) Ralph Petit scores Adrian Neal scores | Batting: RHB Kenny Canady | 0-0: Ball 1-0: Called Strike 1-1: Ground out 6-3 (Groundball, 6) | Bottom of the 4th over - 4 runs, 2 hits, 0 errors, 1 left on base; Quincy 1 - Long Beach 10 | TOP OF THE 5TH |
---|
Quincy Doughboys batting - Pitching for Long Beach KO : RHP Eduardo Méndez | Batting: RHB Miguel Martínez | 0-0: Swinging Strike 0-1: Ball 1-1: SINGLE (Groundball, 4D) | Batting: SHB Gonzalo López | 0-0: Called Strike 0-1: Ball 1-1: Fly out, F7 (Flyball, 78D) | Batting: RHB Ramiro Villescaz | 0-0: Ball 1-0: Ball 2-0: Foul Ball, location: 2F 2-1: Foul Ball, location: 2F 2-2: Fly out, F9 (Flyball, 9S) | Batting: RHB Pedro Cuevas | 0-0: Foul Ball, location: 2F 0-1: Called Strike 0-2: Strikes out swinging | Top of the 5th over - 0 runs, 1 hit, 0 errors, 1 left on base; Quincy 1 - Long Beach 10 | BOTTOM OF THE 5TH |
---|
Long Beach KO batting - Pitching for Quincy Doughboys : RHP Sylvain Leroy | Batting: RHB Phil Stephens | 0-0: Ball 1-0: Foul Ball, location: 2F 1-1: Foul Ball, location: 2F 1-2: Ball 2-2: Ball 3-2: Foul Ball, location: 2F 3-2: Foul Ball, location: 2F 3-2: Base on Balls | Batting: RHB Ben Simpson | 0-0: Ground out U3 (Groundball, 23) Phil Stephens to second | Batting: LHB Wes Britton | 0-0: Foul Ball, location: 2F 0-1: Ball 1-1: Ball Phil Stephens steals 3rd base 2-1: Ground out 4-3 (Groundball, 4) Phil Stephens scores | Batting: LHB Marvin Jones | 0-0: SINGLE (Line Drive, 9S) | Batting: RHB Ralph Petit | 0-0: Ground out 4-3 (Groundball, 4) | Bottom of the 5th over - 1 run, 1 hit, 0 errors, 1 left on base; Quincy 1 - Long Beach 11 | TOP OF THE 6TH |
---|
Quincy Doughboys batting - Pitching for Long Beach KO : RHP Eduardo Méndez | Batting: SHB David Bennett | 0-0: Ball 1-0: Ball 2-0: Swinging Strike 2-1: Called Strike 2-2: Ball 3-2: Strikes out swinging | Batting: RHB Louis Miller | 0-0: Ball 1-0: Ball 2-0: Fly out, F9 (Flyball, 9LSF) | Batting: LHB Rob Johnson | 0-0: Called Strike 0-1: Swinging Strike 0-2: Fly out, F4 (Flyball, 4D) | Top of the 6th over - 0 runs, 0 hits, 0 errors, 0 left on base; Quincy 1 - Long Beach 11 | BOTTOM OF THE 6TH |
---|
Long Beach KO batting - Pitching for Quincy Doughboys : RHP Sylvain Leroy | Batting: LHB Adrian Neal | 0-0: Foul Ball, location: 2F 0-1: Ball 1-1: Foul Ball, location: 2F 1-2: Foul Ball, location: 2F 1-2: Ball 2-2: Foul Ball, location: 2F 2-2: Foul Ball, location: 2F 2-2: Ball 3-2: Strikes out looking | Batting: RHB Rodrigo Flores | 0-0: Called Strike 0-1: Fly out, F8 (Line Drive, 8RM) | Batting: RHB Pedro García | 0-0: Ball 1-0: DOUBLE (Line Drive, 7LM) | Batting: RHB Kenny Canady | 0-0: Called Strike 0-1: Called Strike 0-2: Ball 1-2: Ball 2-2: Ball 3-2: Ground out U3 (Groundball, 34S) | Bottom of the 6th over - 0 runs, 1 hit, 0 errors, 1 left on base; Quincy 1 - Long Beach 11 | TOP OF THE 7TH |
---|
Quincy Doughboys batting - Pitching for Long Beach KO : RHP Eduardo Méndez | Batting: LHB Buddy Jones | 0-0: Ball 1-0: Called Strike 1-1: Foul Ball, location: 2F 1-2: Reaches on Catchers interference | Batting: RHB Lewis Childress | 0-0: Ball 1-0: Ball 2-0: Called Strike 2-1: Foul Ball, location: 2F 2-2: Ball 3-2: Strikes out swinging | Batting: RHB Miguel Martínez | 0-0: Called Strike 0-1: Ball 1-1: Ball 2-1: Ball 3-1: Fielders Choice at 2nd, 6-4 (Groundball, 6) | Batting: SHB Gonzalo López | 0-0: Ball Miguel Martínez steals 2nd base 1-0: Fly out, F7 (Flyball, 7LSF) | Top of the 7th over - 0 runs, 0 hits, 1 error, 1 left on base; Quincy 1 - Long Beach 11 | BOTTOM OF THE 7TH |
---|
Long Beach KO batting - Pitching for Quincy Doughboys : RHP Sylvain Leroy | Batting: RHB Phil Stephens | 0-0: Foul Ball, location: 2F 0-1: Ball 1-1: Ball 2-1: Ground out 1-3 (Groundball, 13) | Batting: RHB Ben Simpson | 0-0: Foul Ball, location: 2F 0-1: Swinging Strike 0-2: Ball 1-2: Strikes out looking | Batting: LHB Wes Britton | 0-0: Fly out, F4 (Flyball, 4MD) | Bottom of the 7th over - 0 runs, 0 hits, 0 errors, 0 left on base; Quincy 1 - Long Beach 11 | TOP OF THE 8TH |
---|
Quincy Doughboys batting - Pitching for Long Beach KO : RHP Eduardo Méndez | Now at 3B: Pancho López | | Batting: RHB Ramiro Villescaz | 0-0: Foul Ball, location: 2F 0-1: Ball 1-1: Ball 2-1: Ball 3-1: Foul Ball, location: 2F 3-2: Base on Balls | Batting: RHB Pedro Cuevas | 0-0: Foul Ball, location: 2F 0-1: Ball 1-1: Foul Ball, location: 2F 1-2: Ball 2-2: SINGLE (Line Drive, 34) Ramiro Villescaz to second Runner from 2nd tries for 3rd, SAFE, no throw | Batting: SHB David Bennett | 0-0: Fly out, F5 (Popup, 5L) | Batting: RHB Louis Miller | 0-0: Called Strike 0-1: Ball 1-1: Ball 2-1: Foul Ball, location: 2F 2-2: Foul Ball, location: 2F 2-2: Fly out, F3 (Popup, 23F) | Pitching: RHP Iván Moya | | Batting: LHB Rob Johnson | 0-0: Foul Ball, location: 2F 0-1: Called Strike 0-2: Ball 1-2: Ball 2-2: Ball 3-2: Base on Balls Pedro Cuevas to second | Batting: LHB Buddy Jones | 0-0: Ball 1-0: Called Strike 1-1: Fly out, F9 (Flyball, 9S) | Top of the 8th over - 0 runs, 1 hit, 0 errors, 3 left on base; Quincy 1 - Long Beach 11 | BOTTOM OF THE 8TH |
---|
Long Beach KO batting - Pitching for Quincy Doughboys : RHP Sylvain Leroy | Batting: LHB Marvin Jones | 0-0: Called Strike 0-1: Called Strike 0-2: Ground out 6-3 (Groundball, 56D) | Batting: RHB Ralph Petit | 0-0: Fly out, F8 (Flyball, 8RD) | Batting: LHB Adrian Neal | 0-0: Ball 1-0: Called Strike 1-1: Ball 2-1: Ball 3-1: Base on Balls | Batting: RHB Rodrigo Flores | 0-0: Ball 1-0: Ball 2-0: Called Strike 2-1: Fly out, F9 (Flyball, 89M) | Bottom of the 8th over - 0 runs, 0 hits, 0 errors, 1 left on base; Quincy 1 - Long Beach 11 | TOP OF THE 9TH |
---|
Quincy Doughboys batting - Pitching for Long Beach KO : RHP Iván Moya | Now in CF: Robert Lancaster | | Batting: RHB Lewis Childress | 0-0: Ball 1-0: Ground out 1-3 (Groundball, 15) | Batting: RHB Miguel Martínez | 0-0: Ball 1-0: Called Strike 1-1: Called Strike 1-2: Ground out 5-3 (Groundball, 56) | Batting: SHB Gonzalo López | 0-0: Ground out 3-1 (Groundball, 34) | Top of the 9th over - 0 runs, 0 hits, 0 errors, 0 left on base; Quincy 1 - Long Beach 11 | |